 Dungeon Crawl Stone Soup version 0.23.3 (webtiles) character file.

Game seed: 9583796921668338930

10 Fukker the Conjurer (level 2, -2/16 HPs)
             Began as a Tengu Wanderer on Apr 1, 2020.
             Slain by a jackal (3 damage)
             ... on level 1 of the Dungeon.
             The game lasted 00:02:42 (136 turns).

Fukker the Conjurer (Tengu Wanderer)                 Turns: 136, Time: 00:02:43

Health: -2/16      AC:  2    Str:  8    XL:     2   Next: 20%
Magic:  0/7        EV: 11    Int: 12    God:
Gold:   17         SH:  0    Dex: 17    Spells: 6/7 levels left

rFire    . . .     SeeInvis .   a - +0 dagger
rCold    . . .     Gourm    .   (no shield)
rNeg     . . .     Faith    .   d - +0 robe
rPois    .         Spirit   .   (helmet restricted)
rElec    .         Reflect  .   (no cloak)
rCorr    .         Harm     .   (no gloves)
MR       .....                  (boots unavailable)
Stlth    ++........             (no amulet)
HPRegen  0.05/turn              g - ring of wizardry
MPRegen  0.10/turn              (no ring)

@: no status effects
A: beak, talons 3
a: no special abilities


You were on level 1 of the Dungeon.
You were not hungry.

You visited 1 branch of the dungeon, and saw 1 of its levels.

You collected 17 gold pieces.

Inventory:

Hand Weapons
 a - a +0 dagger (weapon)
Armour
 d - a +0 robe (worn)
Jewellery
 g - a ring of wizardry (left hand)
Scrolls
 b - a scroll of identify {unknown}
 e - a scroll of fear {unknown}
Potions
 c - a potion of lignification
Comestibles
 f - a ration


   Skills:
 + Level 0.8 Fighting
 + Level 0.2 Short Blades
   Level 2.0 Shields
 - Level 3.0 Spellcasting
 + Level 3.1 Conjurations
   Level 2.4 Translocations
 * Level 0.8 Poison Magic


You had 6 spell levels left.
You knew the following spells:

 Your Spells              Type           Power        Failure   Level  Hunger
a - Sting                 Conj/Pois      #...         4%          1    #......

Your spell library contained the following spells:

 Spells                   Type           Power        Failure   Level  Hunger
 Magic Dart               Conj           #...         2%          1    #......
 Blink                    Tloc           N/A          6%          2    ###....
 Call Imp                 Summ           #.......     16%         2    ###....
 Slow                     Hex            #.......     16%         2    ###....
 Conjure Flame            Conj/Fire      #.......     16%         3    ###....
 Mephitic Cloud           Conj/Pois/Air  #.......     17%         3    ###....
 Spider Form              Tmut/Pois      #.........   26%         3    ###....


Dungeon Overview and Level Annotations

Branches:
Dungeon (1/15)

Altars:


Innate Abilities, Weirdness & Mutations

You have a beak for a mouth.
You have claws for feet.


Message History

The jackal is heavily wounded.
The jackal bites you.
* * * LOW HITPOINT WARNING * * *
The jackal bites you but does no damage.
Found a scroll labeled MURIODU DOTAG.
The jackal closely misses you.
You see here a scroll labeled MURIODU DOTAG.
Casting: Sting (safe; 4% risk of failure)
Confirm with . or Enter, or press ? or * to list all spells.
Aiming: Sting (safe; 4% risk of failure)
Press: ? - help, Shift-Dir - straight line, f/p - hobgoblin
Aim: a hobgoblin The sting misses the jackal.
The sting hits the hobgoblin.
The hobgoblin is poisoned.
The hobgoblin is moderately wounded.
The jackal bites you.
* * * LOW HITPOINT WARNING * * *
The jackal closely misses you. The jackal bites you.
You die...

##...w....g.†.....#...
........#####..#......
.######w.####....# # .# #
#..........## #.#.
#.######)######.#.#!......
#........# #.>#g##....##
######..#### ...##.h#.....(
.......w######.## ##g.......
..........?h@..# #..#......
...........g#..# #.##....###
.#############†(# #)#!.......
#...........#...##h## ##....
##.♣.♣.♣.♣.♣.##....g.###..#..
##.............###........##..
#<.≈≈≈≈≈≈≈≈≈≈≈.∩...#.....##...
##.............###............
##.♣.♣.♣.♣.♣.##....#####.....


You could see a dart slug, a jackal and a hobgoblin.

Vanquished Creatures
  A dart slug (D:1)
  A giant cockroach (D:1)
  2 goblins (D:1)
  A bat (D:1)
  A kobold (D:1)
  3 rats (D:1)
9 creatures vanquished.

Notes
Turn   | Place    | Note
-------+----------+-------------------------------------------
     0 | D:1      | Fukker the Tengu Wanderer began the quest for the Orb.
     0 | D:1      | Fukker set off with the following items: a +0 dagger, a
                  | potion of lignification, a +0 robe, a ration; and the
                  | following spells available to memorise: Magic Dart, Sting,
                  | Blink, Call Imp, Slow, Conjure Flame, Mephitic Cloud,
                  | Spider Form
     0 | D:1      | Reached XP level 1. HP: 10/10 MP: 5/5
     2 | D:1      | Learned a level 1 spell: Sting
   117 | D:1      | Reached XP level 2. HP: 5/16 MP: 1/7
   136 | D:1      | Slain by a jackal

Skill      XL: |  1 |
---------------+----+-----
Conjurations   | 3 |  3.1
Fighting       | |  0.8
Short Blades   | |  0.2
Shields        | |  2.0
Spellcasting   | |  3.0
Translocations | |  2.4
Poison Magic   | |  0.8

Action                   || total
-------------------------++-------
Melee: Dagger            ||     8
       Kick              ||     5
       Peck              ||     1
 Cast: Sting             ||    14
Armor: Robe              ||     2
Dodge: Dodged            ||     7
